 Dungeon Crawl Stone Soup version 0.23.2-1-ga50397a (webtiles) character file.

Game seed: 1653753103232453747

25836 tsouns the Fighter (level 13, -2/125 HPs)
             Began as an Ogre Wizard on May 4, 2019.
             Was an Elder of Hepliaklqana.
             Slain by a warg (15 damage)
             ... on level 1 of the Orcish Mines on May 5, 2019.
             The game lasted 01:15:09 (15319 turns).

tsouns the Fighter (Ogre Wizard)                   Turns: 15319, Time: 01:15:10

Health: -2/125     AC:  5    Str: 12    XL:     13   Next: 22%
Magic:  25/25      EV: 12    Int: 23    God:    Hepliaklqana [****..]
Gold:   1018       SH:  0    Dex:  7    Spells: 7/29 levels left

rFire    . . .     SeeInvis +   G - +3 spear (venom)
rCold    + . .     Gourm    .   (no shield)
rNeg     + . .     Faith    .   O - +1 robe {MR+}
rPois    +         Spirit   .   b - +0 hat
rElec    .         Reflect  .   C - +0 cloak {rPois}
rCorr    .         Harm     .   (gloves unavailable)
MR       ++...                  (boots unavailable)
Stlth    +.........             (no amulet)
HPRegen  0.30/turn              J - ring "Noymui" {+Fly rC+ rN+ Str-2}
MPRegen  0.19/turn              e - ring of see invisible

@: no status effects
A: large, unfitting armour, reduced essence, tough skin 1
a: Recall Ancestor, Ancestor Identity, Transference, Idealise, Renounce
Religion, Evoke Flight


You were on level 1 of the Orcish Mines.
You worshipped Hepliaklqana.
Hepliaklqana was greatly pleased with you.
You were not hungry.

You visited 3 branches of the dungeon, and saw 15 of its levels.
You also visited: Gauntlet.

You collected 1263 gold pieces.
You spent 245 gold pieces at shops.

Inventory:

Hand Weapons
 A - the +7 sceptre of Torment {pain, torment}
   (You acquired it on level 7 of the Dungeon)

   In the hands of one skilled in necromantic magic, it inflicts extra damage on
   living creatures.
 G - a +3 spear of venom (weapon)
 Q - a +2 halberd of chopping
 T - a +5 great mace of protection
Missiles
 u - 19 steel javelins
 B - 2 throwing nets
 M - 6 curare-tipped needles
 U - 3 large rocks (quivered)
Armour
 b - a +0 hat (worn)
 C - a +0 cloak of poison resistance (worn)
 H - a scarf of repulsion
 O - a +1 robe of magic resistance (worn)
Jewellery
 e - a ring of see invisible (right hand)
 n - an uncursed ring of fire
 y - an uncursed ring of poison resistance
 J - the ring "Noymui" (left hand) {+Fly rC+ rN+ Str-2}
   (You found it in a Gauntlet)

   [ring of positive energy]

   It affects your strength (-2).
   It protects you from cold.
   It protects you from negative energy.
   It lets you fly.
Wands
 i - a wand of iceblast (22)
 j - a wand of acid (9)
 t - a wand of flame (45)
 K - a wand of polymorph (5)
 L - a wand of disintegration (9)
 P - a wand of paralysis (6)
Scrolls
 a - 4 scrolls of identify
 c - a scroll of fear
 h - a scroll of fog
 p - 3 scrolls of teleportation
 q - 4 scrolls of magic mapping
 x - 3 scrolls of blinking
 D - 3 scrolls of remove curse
 E - a scroll of amnesia
 I - a scroll of torment
Potions
 f - a potion of ambrosia
 g - 3 potions of haste
 l - 2 potions of flight
 m - 2 potions of invisibility
 o - 2 potions of brilliance
 r - 2 potions of mutation
 s - 3 potions of resistance
 v - 4 potions of curing
 z - a potion of berserk rage
 F - 2 potions of agility
 N - 2 potions of might
Miscellaneous
 R - a phial of floods
Comestibles
 d - 19 rations


   Skills:
 - Level 11.8 Fighting
 - Level 3.9 Maces & Flails
 - Level 9.4 Polearms
 - Level 8.0 Dodging
 - Level 1.4 Stealth
 - Level 8.8 Spellcasting
 + Level 7.5 Conjurations
 - Level 3.0 Summonings
 - Level 0.8 Translocations
 + Level 4.2 Ice Magic
 + Level 4.2 Air Magic
 - Level 7.7 Invocations


You had 7 spell levels left.
You knew the following spells:

 Your Spells              Type           Power        Failure   Level  Hunger
a - Magic Dart            Conj           ####         1%          1    None
b - Call Imp              Summ           ###.....     2%          2    None
c - Blink                 Tloc           N/A          7%          2    None
d - Mephitic Cloud        Conj/Pois/Air  ####....     3%          3    None
e - Conjure Flame         Conj/Fire      ####....     4%          3    None
f - Slow                  Hex            ##......     10%         2    None
g - Stone Arrow           Conj/Erth      ####..       4%          3    None
h - Freezing Cloud        Conj/Ice/Air   ####......   73%         6    ######.

Your spell library contained the following spells:

 Spells                   Type           Power        Failure   Level  Hunger
 Summon Small Mammal      Summ           ###.         1%          1    None
 Apportation              Tloc           ##....       4%          1    None
 Ensorcelled Hibernation  Hex/Ice        ###...       4%          2    None
 Poisonous Vapours        Pois/Air       ###...       4%          2    None
 Dazzling Spray           Conj/Hex       ####..       4%          3    None
 Animate Skeleton         Necr           N/A          6%          1    None
 Beastly Appendage        Tmut           ##....       6%          1    None
 Confusing Touch          Hex            ##....       6%          1    None
 Corona                   Hex            ##.....      6%          1    None
 Sandblast                Erth           ##....       6%          1    None
 Passwall                 Tmut/Erth      ##......     10%         2    None
 Sticks to Snakes         Tmut           ##......     10%         2    None
 Confuse                  Hex            ##......     19%         3    None
 Spider Form              Tmut/Pois      ##........   19%         3    None
 Tukima's Dance           Hex            ##......     19%         3    None
 Ice Form                 Ice/Tmut       ###.....     26%         4    ##.....
 Cause Fear               Hex            ##........   54%         4    ##.....
 Petrify                  Tmut/Erth      ##......     54%         4    ##.....
 Silence                  Hex/Air        ###.......   58%         5    ####...
 Blade Hands              Tmut           ##........   87%         5    ####...
 Lee's Rapid Deconstruct  Erth           ##........   87%         5    ####...
 Yara's Violent Unravell  Hex/Tmut       ##........   87%         5    ####...
 Deflect Missiles         Chrm/Air       ###.......   99%         6    ######.
 Ring of Flames           Chrm/Fire      ##........   100%        7    #######
 Discord                  Hex            ##........   100%        8    #######


Dungeon Overview and Level Annotations

Branches:
Dungeon (12/15)            Temple (1/1) D:5            Lair (0/6) D:10
    Orc (2/2) D:9
    Elf: Orc:2

Altars:
Ashenzari
Cheibriados
Dithmenos
Elyvilon
Fedhas
Gozag
Hepliaklqana
Kikubaaqudgha
Makhleb
Nemelex Xobeh
Okawaru
Qazlal
Ru
Sif Muna
Trog
Uskayaw
Vehumet
Wu Jian
Xom
Yredelemnul
Zin
The Shining One
Beogh

Shops:
D:4 (*=   D:6 *

Annotations:
D:11 2 runed translucent doors, sergedm's ghost, journeyman DECj


Innate Abilities, Weirdness & Mutations

You are too large for most types of armour.
You have tough skin. (AC +1)
Your life essence is reduced to manifest your ancestor. (-10% HP)


Message History

Evoke which item? (* to show all) (? for menu, Esc to quit)
Aiming: Corrosive Bolt
Press: ? - help, Shift-Dir - straight line, f - warg
Aim: a warg The bolt of acid misses the warg.
The warg bites you.
* * * LOW HITPOINT WARNING * * *
Evoke which item? (* to show all) (? for menu, Esc to quit)
Aiming: Corrosive Bolt
Press: ? - help, Shift-Dir - straight line, f/p - warg
Aim: a warg The bolt of acid hits the warg!
The warg is splashed with acid.
The acid corrodes the warg!
The warg is heavily wounded.
The warg misses you.
Evoke which item? (* to show all) (? for menu, Esc to quit)
Aiming: Corrosive Bolt
Press: ? - help, Shift-Dir - straight line, f/p - warg
Aim: a warg (heavily wounded, covered in acid)
The bolt of acid misses the warg.
The warg bites you!
You die...

##.#......#...#.######
#..........#.....#.#.###
#...#..................##
##.................#....#
###.................#....##
##.##...##.........##......#
#...###.##..........#.......
##.##...............#.......
##.#.......@...............#
#.........h............#..##
##......................###
##.[)...........##.##..##
#...[รท.......#.##.......###
##.#.........#####.........
###..........#.##.#.#.....
##....#.............#......
#....##.......#....###..#..


You could see a warg.

Vanquished Creatures
  Rupert (D:12)
  A minotaur (Gauntlet)
  3 two-headed ogres
  An orc high priest (Orc:2)
  2 unseen horrors (D:11)
  2 wizards (Gauntlet)
  An orc knight (Orc:1)
  A deep elf mage (D:12)
  A cyclops (Orc:2)
  A moth of wrath (Gauntlet)
  Maurice (D:12)
  3 minotaur zombies (Gauntlet)
  3 meliai (Gauntlet)
  2 trolls
  A hornet (D:9)
  4 hippogriffs
  A spriggan (D:7)
  A shadow (D:11)
  2 wyverns
  5 yaks (D:11)
  A warg (D:10)
  2 water moccasins
  An acid dragon (D:12)
  A sky beast (D:6)
  14 orc warriors
  3 ice beasts
  2 necrophages
  3 phantoms
  4 ogres
  6 wolves
  3 centaurs
  A big kobold (D:11)
  2 bullfrogs
  A gnoll sergeant (D:8)
  A wyvern zombie (D:11)
  A knight (Orc:1)
  12 killer bees
  3 wights (D:12)
  5 howler monkeys
  2 crimson imps
  A centaur zombie (D:8)
  A bullfrog zombie (D:6)
  18 orc priests
  5 jellies
  A hound (D:6)
  4 iguanas
  15 orc wizards
  A bullfrog skeleton (D:12)
  2 centaur skeletons
  Natasha (thrice) (D:4)
  5 worker ants
  A killer bee zombie (D:7)
  3 hound skeletons
  11 gnolls
  8 adders
  4 shadow imps
  3 white imps (Gauntlet)
  An ooze (D:7)
  3 adder skeletons
  6 leopard geckos
  72 orcs
  4 giant cockroaches
  9 goblins
  4 hobgoblins
  2 jackals (D:6)
  2 quokkas
  2 ball pythons
  7 bats
  5 frilled lizards
  A giant cockroach zombie (D:5)
  12 kobolds
  5 rats
326 creatures vanquished.

Vanquished Creatures (collateral kills)
  A hydra (D:11)
  A two-headed ogre (D:11)
  An unseen horror (D:12)
  A centaur zombie (D:10)
  A kobold demonologist (D:12)
  A komodo dragon (D:12)
  A troll (Orc:1)
  A hippogriff (D:9)
  A shadow (D:11)
  A wyvern (D:12)
  A yak (D:11)
  Grum (D:9)
  A warg (D:10)
  4 orc warriors
  A black bear (D:11)
  An ice beast (D:11)
  2 sky beasts
  A necrophage (D:10)
  An ogre (D:8)
  A wolf (D:9)
  2 centaurs
  A big kobold (D:9)
  A bullfrog (D:11)
  A gnoll sergeant (Orc:1)
  A scorpion (D:7)
  4 killer bees
  4 wights (D:12)
  A howler monkey (D:11)
  A bullfrog zombie (D:11)
  3 orc priests (Orc:2)
  A hound (D:6)
  7 orc wizards
  A centaur skeleton (D:7)
  An iguana (D:12)
  2 worker ants
  A howler monkey skeleton (D:8)
  9 gnolls
  A shadow imp (Gauntlet)
  An ooze (D:6)
  A leopard gecko (D:7)
  24 orcs
  2 jackals (D:6)
  A kobold (D:9)
95 creatures vanquished.

Vanquished Creatures (others)
  12 knights
  2 ancestors
14 creatures vanquished.

Grand Total: 435 creatures vanquished

Notes
Turn   | Place    | Note
-------+----------+-------------------------------------------
     0 | D:1      | tsouns the Ogre Wizard began the quest for the Orb.
     0 | D:1      | Reached XP level 1. HP: 16/16 MP: 5/5
    12 | D:1      | Reached skill level 1 in Conjurations
   180 | D:1      | Reached XP level 2. HP: 24/24 MP: 2/6
   184 | D:1      | Learned a level 2 spell: Call Imp
   188 | D:1      | Learned a level 2 spell: Blink
   566 | D:1      | You fall through a shaft!
  1270 | D:3      | Reached XP level 3. HP: 30/31 MP: 0/8
  1287 | D:3      | Learned a level 3 spell: Mephitic Cloud
  1652 | D:3      | Reached skill level 1 in Summonings
  1652 | D:3      | Reached XP level 4. HP: 39/39 MP: 0/10
  2054 | D:3      | Reached XP level 5. HP: 45/45 MP: 11/11
  2158 | D:4      | Found Zuff's Jewellery Emporium.
  2174 | D:4      | Noticed Natasha
  2444 | D:4      | Killed Natasha
  2502 | D:4      | Noticed Natasha
  2507 | D:4      | Killed Natasha
  2507 | D:4      | Reached skill level 5 in Spellcasting
  2507 | D:4      | Reached XP level 6. HP: 53/53 MP: 2/13
  2724 | D:4      | Noticed Natasha
  2741 | D:4      | Killed Natasha
  2993 | D:4      | Found Fozetiff's General Store.
  3002 | D:4      | Bought a scroll of blinking for 75 gold pieces
  3002 | D:4      | Bought a potion of mutation for 80 gold pieces
  3093 | D:4      | Found Har Seid's Weapon Shoppe.
  3426 | D:5      | Entered Level 5 of the Dungeon
  3448 | D:5      | Learned a level 3 spell: Conjure Flame
  3451 | D:5      | Learned a level 2 spell: Slow
  3474 | D:5      | Noticed an ice beast
  3484 | D:5      | Killed an ice beast
  3484 | D:5      | Reached XP level 7. HP: 59/59 MP: 5/15
  3651 | D:5      | Found a staircase to the Ecumenical Temple.
  3810 | Temple   | Entered the Ecumenical Temple
  3891 | Temple   | Became a worshipper of Hepliaklqana the Forgotten
  4425 | D:6      | Reached skill level 5 in Conjurations
  4577 | D:6      | Reached XP level 8. HP: 36/60 MP: 11/18
  5010 | D:6      | Found Aqiom's Assorted Antiques.
  5018 | D:6      | Bought a potion of curing for 90 gold pieces
  5467 | D:7      | Reached * piety under Hepliaklqana
  5502 | D:7      | Noticed a hippogriff
  5512 | D:7      | Noticed a spriggan baker
  5520 | D:7      | Killed a spriggan baker
  5520 | D:7      | Reached skill level 1 in Fighting
  5520 | D:7      | Reached skill level 1 in Polearms
  5520 | D:7      | Reached skill level 1 in Invocations
  5534 | D:7      | Killed a hippogriff
  5534 | D:7      | Reached skill level 2 in Fighting
  5831 | D:7      | Reached skill level 3 in Fighting
  5925 | D:7      | Reached XP level 9. HP: 55/74 MP: 10/21
  6173 | D:7      | Identified a scroll of acquirement
  6175 | D:7      | Found the +7 sceptre of Torment {pain, torment}
  6325 | D:7      | Reached skill level 4 in Fighting
  6325 | D:7      | Reached skill level 1 in Maces & Flails
  6916 | D:8      | Reached skill level 5 in Fighting
  7463 | D:8      | Reached ** piety under Hepliaklqana
  7464 | D:8      | Remembered your ancestor Sextus as a knight
  7499 | D:8      | Found a sacrificial altar of Ru.
  7499 | D:8      | Noticed a two-headed ogre
  7515 | D:8      | Killed a two-headed ogre
  7515 | D:8      | Reached skill level 6 in Fighting
  7515 | D:8      | Reached XP level 10. HP: 77/87 MP: 12/22
  7680 | D:9      | Reached skill level 7 in Fighting
  7919 | D:9      | Noticed Grum
  8360 | D:9      | Killed Grum
  8360 | D:9      | Reached skill level 5 in Polearms
  8562 | D:9      | Reached skill level 8 in Fighting
  8827 | D:9      | Reached skill level 5 in Dodging
  8886 | D:9      | Found a staircase to the Orcish Mines.
  8887 | D:9      | Found a roughly hewn altar of Beogh.
  9205 | D:10     | Entered Level 10 of the Dungeon
  9219 | D:10     | Noticed a two-headed ogre
  9230 | D:10     | Killed a two-headed ogre
  9230 | D:10     | Reached skill level 9 in Fighting
  9279 | D:10     | Reached XP level 11. HP: 83/100 MP: 7/23
  9333 | D:10     | Learned a level 3 spell: Stone Arrow
  9549 | D:10     | Found a staircase to the Lair.
  9629 | D:10     | Reached *** piety under Hepliaklqana
 10045 | D:11     | Noticed a five-headed hydra
 10113 | D:11     | Noticed a two-headed ogre
 10123 | D:11     | Killed a two-headed ogre
 10191 | D:11     | Noticed a death knight
 10191 | D:11     | Noticed a brown ugly thing
 10191 | D:11     | Noticed a four-headed hydra
 10191 | D:11     | Noticed a centaur warrior
 10191 | D:11     | Noticed a white ugly thing
 10204 | D:11     | Reached skill level 5 in Invocations
 10208 | D:11     | Reached skill level 10 in Fighting
 10209 | D:11     | Noticed a two-headed ogre
 10314 | D:11     | Noticed a four-headed hydra
 10499 | D:11     | Killed an unseen horror
 10832 | D:11     | Killed a five-headed hydra
 10906 | D:11     | Noticed an unseen horror
 10910 | D:11     | Killed an unseen horror
 11071 | D:11     | Found a large runed translucent door.
 11071 | D:11     | Found a large runed translucent door.
 11071 | D:11     | Noticed sergedm's ghost (journeyman DECj)
 11410 | D:11     | Noticed a two-headed ogre
 11438 | D:11     | Killed a two-headed ogre
 11438 | D:11     | Reached skill level 11 in Fighting
 11438 | D:11     | Reached XP level 12. HP: 117/117 MP: 24/24
 11805 | D:12     | Found a gate leading to a gauntlet.
 11817 | Gauntlet | Entered a Gauntlet
 11817 | Gauntlet | Found a transporter.
 11817 | Gauntlet | Found a transporter.
 11818 | Gauntlet | Found a transporter.
 11821 | Gauntlet | Found a transporter.
 11821 | Gauntlet | Found a transporter.
 11821 | Gauntlet | Found a transporter.
 11831 | Gauntlet | Found a transporter.
 11832 | Gauntlet | Found the +9 sword of Zonguldrok {reap}
 11835 | Gauntlet | Found a transporter.
 11845 | Gauntlet | Found a transporter.
 11947 | Gauntlet | Found a transporter.
 11949 | Gauntlet | Found a transporter.
 11962 | Gauntlet | Found a transporter.
 11989 | Gauntlet | Noticed a shock serpent
 11989 | Gauntlet | a deep troll changed into a shock serpent
 12430 | Gauntlet | Learned a level 6 spell: Freezing Cloud
 12505 | Gauntlet | Got a fine brass ring
 12736 | Gauntlet | Identified the ring "Noymui" {+Fly rC+ rN+ Str-2} (You
                  | found it in a Gauntlet)
 12746 | Gauntlet | Noticed a minotaur
 12774 | Gauntlet | Killed a minotaur
 12774 | Gauntlet | Reached skill level 1 in Ice Magic
 12774 | Gauntlet | Reached skill level 1 in Air Magic
 13422 | D:12     | Noticed Rupert
 13433 | D:12     | Reached **** piety under Hepliaklqana
 13433 | D:12     | Noticed Maurice
 13721 | D:12     | Killed Maurice
 14110 | D:12     | Killed Rupert
 14110 | D:12     | Reached XP level 13. HP: 35/125 MP: 0/25
 14558 | Orc:1    | Entered Level 1 of the Orcish Mines
 15020 | Orc:2    | Entered Level 2 of the Orcish Mines
 15319 | Orc:1    | Slain by a warg

Skill      XL: |  1  2  3  4  5  6  7  8  9 10 11 12 13 |
---------------+----------------------------------------+-----
Conjurations   | 1 2 3 4 5 6 7 |  7.5
Spellcasting   | 4 5 6 8 |  8.8
Summonings     | 1 2 3 |  3.0
Fighting       | 3 6 9 11 | 11.8
Polearms       | 2 4 6 8 9 |  9.4
Invocations    | 2 4 6 7 |  7.7
Maces & Flails | 3 |  3.9
Dodging        | 3 5 7 8 |  8.0
Ice Magic      | 3 4 |  4.2
Air Magic      | 3 4 |  4.2
Stealth        | |  1.4
Translocations | |  0.8

Action                   |  1- 3 |  4- 6 |  7- 9 | 10-12 | 13-15 || total
-------------------------+-------+-------+-------+-------+-------++-------
Melee: Dagger            |     4 |       |       |       |       ||     4
       Trident           |    10 |    36 |    73 |       |       ||   119
       Eveningstar       |       |       |    59 |       |       ||    59
       Spear             |       |       |     9 |   552 |    36 ||   597
       Halberd           |       |       |       |       |    53 ||    53
Throw: Stone             |       |       |       |     1 |       ||     1
       Javelin           |       |       |       |     7 |       ||     7
 Cast: Magic Dart        |    56 |    82 |   207 |    77 |       ||   422
       Mephitic Cloud    |     3 |     8 |    10 |    27 |     9 ||    57
       Call Imp          |       |     1 |       |     2 |       ||     3
       Conjure Flame     |       |       |     1 |       |       ||     1
       Blink             |       |       |       |     3 |     3 ||     6
       Stone Arrow       |       |       |       |    74 |     7 ||    81
Invok: Ancestor Life: Kn |       |       |     1 |       |       ||     1
       Recall Ancestor   |       |       |       |     1 |       ||     1
Evoke: Wand              |       |     5 |     1 |     7 |    16 ||    29
       Phantom mirror    |       |       |       |       |     1 ||     1
  Use: Scroll            |     6 |     8 |     8 |     7 |       ||    29
       Potion            |       |     1 |       |     1 |     2 ||     4
 Stab: Sleeping          |     1 |       |       |     8 |       ||     9
       Confused          |       |     2 |     5 |    10 |     1 ||    18
       Distracted        |       |       |       |     4 |     2 ||     6
  Eat: Chunk             |     2 |     5 |     7 |    11 |     1 ||    26
       Ration            |       |     1 |     1 |     3 |     1 ||     6
Armor: Robe              |    25 |     8 |    26 |    31 |     5 ||    95
Dodge: Dodged            |    33 |    26 |    78 |   139 |    37 ||   313
       Deflected         |       |       |       |     2 |       ||     2
